Map: 뉴커크 재개발 지구 - 토너먼트 (공허의 유산)

Players

Solar - Winner!

  • Race: Zerg Zerg
  • Spawn Location: 5:00

Snute

  • Race: Zerg Zerg
  • Spawn Location: 7:00

Event: IEM XI Katowice - World Championship 2017

VOD

Have the link to the VOD?

Description

Time

  • Played on: March 2, 2017, 6:28 a.m.
  • Length: 11:29

All games in this series

Show
View Real Time Build Order
Export as new Build Order

Solar Zerg - Winner!

Build Orders: Hatch First 

Get SALT Encoding   

  12  0:00  Drone  
  13  0:13  Overlord  
  13  0:17  Drone  
  14  0:31  Drone x2  
  14  0:35  Drone  
  17  0:53  Hatchery  
  17  0:55  Drone  
  17  0:57  Drone  
  18  1:04  Extractor  
  17  1:13  Spawning Pool  
  17  1:16  Drone  
  17  1:19  Drone  
  18  1:28  Drone  
  19  1:39  Overlord  
  19  1:52  Drone  
  20  1:59  Queen  
  20  2:00  Drone  
  23  2:04  Queen  
  23  2:05  Zergling x2  
  23  2:06  Metabolic Boost  
  26  2:11  Drone  
  27  2:16  Drone  
  28  2:25  Drone  
  28  2:27  Drone  
  30  2:30  Baneling Nest  
  30  2:33  Drone  
  30  2:37  Drone  
  31  2:50  Hatchery  
  30  2:52  Drone  
  30  2:57  Overlord  
  31  3:01  Zergling x2  
  31  3:02  Zergling x2  
  31  3:05  Zergling x2  
  34  3:08  Zergling x2  
  34  3:10  Zergling x2  
  36  3:18  Drone x2  
  38  3:23  Baneling  
  38  3:24  Overlord, Baneling  
  38  3:25  Drone x2  
  40  3:28  Drone  
  40  3:31  Drone  
  42  3:37  Drone  
  42  3:38  Drone  
  42  3:40  Overlord  
  44  3:45  Drone x2  
  46  3:48  Queen  
  46  3:51  Zergling x2  
  46  3:54  Drone  
  46  3:55  Drone  
  51  4:01  Roach Warren  
  50  4:03  Extractor  
  50  4:06  Zergling x2, Baneling x2  
  50  4:09  Drone x2  
  52  4:13  Zergling x4, Drone  
  52  4:15  Drone  
  55  4:20  Overlord  
  55  4:23  Drone x2  
  57  4:24  Drone  
  57  4:26  Drone  
  58  4:33  Overlord  
  58  4:36  Drone x3  
  61  4:39  Lair  
  60  4:46  Drone  
  60  4:48  Evolution Chamber  
  60  4:49  Drone  
  60  4:51  Drone  
  60  4:52  Drone  
  63  4:54  Drone  
  63  4:58  Overlord  
  63  4:59  Zergling x10  
  68  5:04  Zergling x4, Drone  
  67  5:09  Extractor  
  67  5:11  Roach  
  67  5:12  Roach x2  
  67  5:13  Overlord, Extractor  
  67  5:14  Drone  
  72  5:19  Zerg Missile Weapons Level 1  
  72  5:20  Roach, Extractor  
  72  5:21  Drone  
  72  5:23  Drone  
  72  5:24  Drone  
  72  5:26  Drone  
  75  5:32  Overlord  
  75  5:36  Drone  
  75  5:39  Drone x2  
  75  5:41  Drone x3  
  75  5:42  Glial Reconstitution  
  80  5:44  Roach x4  
  80  5:47  Overseer  
  80  5:48  Overlord  
  88  5:51  Roach x2  
  88  5:55  Drone  
  93  5:59  Drone  
  93  6:01  Drone  
  95  6:06  Drone  
  95  6:07  Overlord  
  95  6:08  Roach x2  
  95  6:11  Roach x4  
  108  6:12  Overlord  
  108  6:16  Roach x2  
  112  6:20  Overlord  
  112  6:23  Overlord  
  111  6:26  Roach x2  
  111  6:29  Roach  
  117  6:34  Roach  
  117  6:35  Ravager  
  117  6:38  Roach  
  117  6:39  Roach  
  124  6:40  Ravager x2  
  124  6:42  Overlord  
  125  6:47  Roach x3  
  125  6:50  Hatchery, Roach x2  
  131  6:54  Overlord, Ravager  
  131  6:57  Roach  
  131  6:58  Roach x2  
  131  7:00  Overlord  
  137  7:02  Ravager  
  137  7:03  Roach  
  140  7:10  Roach x2  
  140  7:11  Roach  
  140  7:12  Unknown  
  140  7:14  Overlord  
  146  7:16  Roach x4  
  146  7:18  Ravager  
  146  7:19  Ravager  
  146  7:20  Roach  
  146  7:22  Roach  
  160  7:25  Overlord  
  160  7:26  Roach  
  160  7:27  Roach  
  164  7:30  Roach  
  164  7:34  Overlord  
  166  7:39  Zerg Missile Weapons Level 2  
  166  7:42  Roach  
  166  7:43  Roach  
  170  7:44  Roach  
  170  7:48  Roach  
  170  7:49  Roach  
  176  7:53  Roach x2  
  176  7:55  Roach  
  176  7:57  Roach x2  
  184  7:59  Roach  
  184  8:02  Roach  
  184  8:05  Extractor, Drone x3  
  186  8:06  Drone  
  186  8:08  Overlord  
  187  8:15  Ravager  
  187  8:18  Centrifical Hooks  
  188  8:29  Roach x6  
  198  8:47  Spore Crawler x2  
  196  8:48  Spore Crawler x2  
  196  8:49  Spore Crawler x3  
  196  8:50  Spore Crawler x2  
  196  8:51  Spore Crawler x2  
  196  8:52  Spore Crawler, Zergling x28  
  212  9:01  Overlord  
  212  9:13  Baneling x13  
  212  9:14  Baneling x15  
  212  9:29  Unknown, Overlord  
  212  9:37  Overlord  
  164  9:55  Roach x2  
  164  9:56  Roach x4  
  164  9:57  Roach x3  
  164  9:59  Roach  
  172  10:00  Roach x12  
  172  10:04  Roach  
  172  10:05  Roach x4  
  163  10:07  Queen  
  163  10:08  Roach  
  163  10:10  Ravager  
  163  10:11  Roach x2  
  163  10:13  Ravager x2  
  171  10:18  Roach  
  171  10:20  Roach  
  175  10:23  Roach x2  
  175  10:26  Ravager  
  182  10:28  Roach  
  182  10:32  Roach x2  
  182  10:35  Roach  
  171  10:43  Roach x5  
  171  10:44  Roach x3  
  171  10:46  Roach  
  171  10:47  Roach x2  
  171  10:49  Roach  
  169  10:52  Roach  
  169  10:54  Overseer  
  169  10:56  Roach x2  
  165  10:58  Extractor  
  165  10:59  Roach  
  165  11:02  Roach  
  166  11:06  Roach x5  
  166  11:10  Roach x2  
  180  11:14  Ravager  
  181  11:20  Unknown x2  
Show
View Real Time Build Order
Export as new Build Order

Snute Zerg 

Build Orders: Hatch First 

Get SALT Encoding   

  12  0:00  Drone  
  13  0:12  Overlord  
  13  0:17  Drone  
  14  0:31  Drone x2  
  14  0:35  Drone  
  17  0:53  Hatchery  
  17  0:55  Drone  
  17  0:58  Drone  
  17  1:01  Extractor  
  17  1:15  Spawning Pool  
  17  1:17  Drone  
  17  1:20  Drone  
  18  1:28  Drone  
  19  1:39  Overlord  
  19  1:49  Drone  
  20  2:00  Drone  
  20  2:01  Metabolic Boost, Queen  
  21  2:05  Queen  
  25  2:09  Drone  
  25  2:14  Drone  
  28  2:15  Drone  
  28  2:22  Drone  
  29  2:26  Drone  
  30  2:33  Zergling x2  
  31  2:43  Hatchery  
  30  2:45  Baneling Nest  
  30  2:46  Zergling x2  
  30  2:47  Zergling x2  
  31  2:52  Overlord  
  31  2:55  Drone  
  32  2:59  Drone  
  32  3:05  Drone  
  34  3:09  Drone  
  35  3:13  Zergling x10  
  35  3:18  Overlord  
  40  3:24  Drone  
  40  3:25  Overlord  
  41  3:28  Drone  
  42  3:36  Drone  
  42  3:40  Baneling x2  
  42  3:41  Drone x2  
  42  3:42  Drone x2  
  42  3:43  Drone  
  42  3:44  Drone  
  42  3:46  Drone  
  49  3:50  Drone  
  49  3:53  Baneling  
  50  3:55  Queen  
  50  3:58  Drone  
  53  4:05  Roach Warren  
  53  4:07  Drone x2  
  54  4:11  Drone x2  
  54  4:12  Drone  
  54  4:16  Extractor  
  55  4:18  Drone  
  55  4:19  Drone x3  
  55  4:21  Drone  
  61  4:24  Drone x2  
  61  4:26  Drone  
  61  4:27  Drone  
  61  4:28  Drone  
  61  4:30  Drone  
  65  4:34  Lair  
  65  4:36  Drone  
  66  4:40  Overlord  
  66  4:44  Overlord  
  65  4:48  Extractor  
  65  4:49  Baneling x2  
  65  4:50  Baneling  
  64  4:58  Baneling  
  63  5:02  Roach  
  63  5:03  Roach x3  
  63  5:05  Drone  
  63  5:06  Drone  
  63  5:08  Drone x4  
  63  5:09  Drone x5  
  63  5:11  Drone  
  73  5:15  Evolution Chamber  
  73  5:16  Drone x2  
  75  5:21  Drone  
  75  5:24  Extractor  
  75  5:25  Roach  
  75  5:26  Roach  
  77  5:33  Roach  
  77  5:34  Glial Reconstitution  
  79  5:42  Overlord, Roach  
  81  5:43  Overlord  
  81  5:44  Extractor  
  81  5:45  Zerg Missile Weapons Level 1  
  81  5:47  Extractor  
  81  5:48  Overlord  
  79  5:53  Overlord  
  79  5:55  Roach  
  79  5:57  Overlord  
  81  5:59  Overlord  
  81  6:01  Overlord  
  81  6:02  Roach x5  
  91  6:04  Queen  
  91  6:07  Roach  
  95  6:12  Unknown  
  95  6:17  Roach x3  
  101  6:21  Roach  
  103  6:28  Drone x5  
  105  6:34  Drone  
  105  6:35  Drone x3  
  105  6:37  Hydralisk Den  
  105  6:39  Roach  
  109  6:46  Roach x2  
  112  6:54  Overlord  
  112  6:58  Overseer  
  112  6:59  Roach  
  112  7:00  Roach x7  
  128  7:09  Overlord x2  
  128  7:10  Unknown  
  128  7:13  Roach x2  
  132  7:18  Ravager  
  132  7:19  Ravager x4  
  132  7:22  Overlord  
  137  7:28  Roach x8  
  153  7:31  Overlord  
  153  7:34  Overlord  
  153  7:41  Zerg Missile Weapons Level 2  
  153  7:42  Ravager  
  154  7:44  Overlord  
  154  7:51  Roach x4  
  162  7:56  Ravager x2  
  164  8:02  Roach  
  164  8:03  Roach x7  
  164  8:04  Overlord  
  178  8:09  Overlord  
  178  8:14  Overlord x2  
  178  8:29  Roach  
  178  8:30  Roach x7  
  178  8:32  Overlord  
  194  8:34  Ravager  
  194  8:39  Overseer, Overlord  
  194  8:41  Ravager x3  
  198  8:42  Ravager  
  198  8:43  Ravager  
  200  9:05  Hatchery, Pneumatized Carapace  
  199  9:17  Unknown, Burrow  
  199  9:18  Tunneling Claws  
  199  9:24  Ravager  
  154  9:54  Roach  
  154  9:55  Roach x24  
  154  9:56  Roach x4  
  178  10:05  Roach x4  
  145  10:08  Roach x2  
  137  10:16  Roach  
  137  10:17  Ravager x2  
  137  10:18  Roach x3  
  147  10:27  Roach  
  147  10:28  Roach  
  151  10:29  Queen  
  151  10:35  Ravager  
  154  10:37  Roach x2  
  142  10:47  Roach  
  142  10:48  Roach x11  
  137  10:53  Roach x2  
  111  10:57  Roach  
  111  10:58  Roach  
  111  10:59  Roach  
  108  11:08  Roach x2  

Tags
 
Add a new tag
Caveats
  • Supply blocks, unpowered buildings, or Contaminate may cause inaccurate times.
  • Supply counts are checked every 10 seconds.